 Dungeon Crawl Stone Soup version 0.23.2 (webtiles) character file.

Game seed: 12812047695092222461

44 esteth the Magician (level 3, 0/25 HPs)
             Began as a Gnoll Wizard on Apr 10, 2019.
             Killed from afar by an orc wizard (5 damage)
             ... with a puff of frost
             ... on level 2 of the Dungeon.
             The game lasted 00:03:40 (1125 turns).

esteth the Magician (Gnoll Wizard)                  Turns: 1125, Time: 00:03:41

Health: 0/25       AC:  6    Str:  9    XL:     3   Next: 60%
Magic:  5/11       EV: 14    Int: 21    God:
Gold:   67         SH:  0    Dex: 13    Spells: 5/16 levels left

rFire    . . .     SeeInvis .   (no weapon)
rCold    . . .     Gourm    .   (no shield)
rNeg     . . .     Faith    .   a - +0 robe
rPois    .         Spirit   .   m - +0 helmet
rElec    .         Reflect  .   (no cloak)
rCorr    .         Harm     .   (no gloves)
MR       .....                  e - +0 pair of boots
Stlth    +++.......             (no amulet)
HPRegen  0.08/turn              (no ring)
MPRegen  0.12/turn              (no ring)

@: no status effects
A: distributed training, fangs 1, hooves 1, yellow scales 1, evolution 1, strong
nose
a: no special abilities


You were on level 2 of the Dungeon.
You were not hungry.

You visited 1 branch of the dungeon, and saw 2 of its levels.

You collected 67 gold pieces.

Inventory:

Armour
 a - a +0 robe (worn)
 b - a +0 hat
 e - a +0 pair of boots (worn)
 m - a +0 helmet (worn)
Jewellery
 r - a +2 amulet of reflection {unknown}
Scrolls
 g - a scroll of enchant armour {unknown}
 j - a scroll of blinking {unknown}
 q - a scroll of remove curse
Potions
 f - a potion of curing {unknown}
 h - a potion of heal wounds {unknown}
 i - a potion of berserk rage {unknown}
 l - a potion of ambrosia {unknown}
 o - a potion of degeneration {unknown}
 p - a potion of haste {unknown}
Comestibles
 d - 2 rations
 n - 5 chunks of flesh


   Skills:
 + Level 0.8 Fighting
 + Level 0.8 Short Blades
 + Level 0.8 Long Blades
 + Level 0.8 Axes
 + Level 0.8 Maces & Flails
 + Level 0.8 Polearms
 + Level 0.8 Staves
 + Level 0.8 Slings
 + Level 0.8 Bows
 + Level 0.8 Crossbows
 + Level 0.8 Throwing
 + Level 0.8 Armour
 + Level 4.5 Dodging
 + Level 4.1 Stealth
 + Level 0.8 Shields
 + Level 0.8 Unarmed Combat
 + Level 7.1 Spellcasting
 + Level 2.1 Conjurations
 + Level 0.5 Hexes
 + Level 0.5 Charms
 + Level 2.1 Summonings
 + Level 0.5 Necromancy
 + Level 2.1 Translocations
 + Level 0.5 Transmutations
 + Level 0.5 Fire Magic
 + Level 0.5 Ice Magic
 + Level 0.5 Air Magic
 + Level 0.5 Earth Magic
 + Level 0.5 Poison Magic
 + Level 1.0 Invocations
 + Level 0.8 Evocations


You had 5 spell levels left.
You knew the following spells:

 Your Spells              Type           Power        Failure   Level  Hunger
a - Magic Dart            Conj           ###.         3%          1    None
b - Blink                 Tloc           N/A          5%          2    None
c - Call Imp              Summ           ###.....     5%          2    None
d - Conjure Flame         Conj/Fire      ##......     16%         3    None
e - Mephitic Cloud        Conj/Pois/Air  ##......     17%         3    None

Your spell library contained the following spells:

 Spells                   Type           Power        Failure   Level  Hunger
 Slow                     Hex            #.......     11%         2    None


Dungeon Overview and Level Annotations

Branches:
Dungeon (2/15)

Altars:


Innate Abilities, Weirdness & Mutations

Your experience applies equally to all skills.
You have very sharp teeth.
Your uncanny sense of smell can sniff out nearby items.
You have large cloven feet.
You are partially covered in yellow scales. (AC +2)
You evolve.


Message History

j - a scroll labeled VODORU JE JUE The orc wizard gestures at you while chanting.
The puff of frost hits you. The goblin hits you with a +0 club.
The goblin hits you but does no damage.
The orc wizard casts a cantrip, but nothing happens.
The orc wizard begins to cast a cantrip, but forgets the words!
The orc wizard looks encouraged for a moment.
The orc wizard points at you and mumbles some strange words.
The puff of frost hits you! The orc wizard casts a spell at you.
The magic dart hits you.
* * * LOW HITPOINT WARNING * * *
It was a potion of mutation.
You feel extremely strange.
Yellow scales grow over part of your body.
Your feet thicken and deform.
You feel nature experimenting on you.
Don't worry, failures die fast.
The goblin closely misses you. The orc wizard casts a spell at you.
The puff of frost hits you.
You die...

.................. .....
..................
##....#########.........≈≈
#.......................≈!
#.............o.........≈≈
#..................####^..
#..................# ...
#..........o.......# ..
#.......)@.go..........
#?....÷÷.#####..........
#........#####...........
#......................(.
#........................
#..................###...
#..................#
##..............
#...............


You could see an orc wizard, 2 orcs and a goblin.

Vanquished Creatures
  An adder (D:2)
  A leopard gecko (D:1)
  2 orcs (D:2)
  4 bats (D:1)
  2 giant cockroaches (D:1)
  3 goblins
  2 hobgoblins
  6 kobolds (D:1)
  A quokka (D:2)
  2 frilled lizards (D:1)
  5 rats (D:1)
29 creatures vanquished.

Notes
Turn   | Place    | Note
-------+----------+-------------------------------------------
     0 | D:1      | esteth the Gnoll Wizard began the quest for the Orb.
     0 | D:1      | Reached XP level 1. HP: 13/13 MP: 8/8
   282 | D:1      | Reached XP level 2. HP: 19/19 MP: 5/10
   324 | D:1      | Learned a level 2 spell: Blink
   327 | D:1      | Learned a level 2 spell: Call Imp
   848 | D:1      | Reached XP level 3. HP: 25/25 MP: 9/11
   853 | D:1      | Learned a level 3 spell: Conjure Flame
   857 | D:1      | Learned a level 3 spell: Mephitic Cloud
   978 | D:2      | Reached skill level 1 in Invocations
  1124 | D:2      | Gained mutation: You are partially covered in yellow
                  | scales. (AC +2) [potion of mutation]
  1124 | D:2      | Gained mutation: You have large cloven feet. [potion of
                  | mutation]
  1124 | D:2      | Gained mutation: You evolve. [potion of mutation]
  1125 | D:2      | Killed from afar by an orc wizard

Skill      XL: |  1  2  3 |
---------------+----------+-----
Conjurations   | 2 |  2.1
Summonings     | 2 |  2.1
Translocations | 2 |  2.1
Invocations    | 1 |  1.0
Fighting       | |  0.8
Short Blades   | |  0.8
Long Blades    | |  0.8
Axes           | |  0.8
Maces & Flails | |  0.8
Polearms       | |  0.8
Staves         | |  0.8
Slings         | |  0.8
Bows           | |  0.8
Crossbows      | |  0.8
Throwing       | |  0.8
Armour         | |  0.8
Dodging        | |  4.5
Stealth        | |  4.1
Shields        | |  0.8
Unarmed Combat | |  0.8
Spellcasting   | |  7.1
Hexes          | |  0.5
Charms         | |  0.5
Necromancy     | |  0.5
Transmutations | |  0.5
Fire Magic     | |  0.5
Ice Magic      | |  0.5
Air Magic      | |  0.5
Earth Magic    | |  0.5
Poison Magic   | |  0.5
Evocations     | |  0.8

Action                   || total
-------------------------++-------
 Cast: Magic Dart        ||    62
       Mephitic Cloud    ||     1
  Use: Scroll            ||     4
       Potion            ||     1
Armor: Robe              ||     1
Dodge: Dodged            ||     9
